 Dungeon Crawl Stone Soup version 0.20.1-1-g8b1a95d (webtiles) character file.

401 Ymberti the Firebug (level 6, -1/34 HPs)
             Began as a Deep Elf Fire Elementalist on Sept 23, 2017.
             Slain by Grinder (2 damage)
             ... while paralysed by Grinder
             ... on level 4 of the Dungeon.
             The game lasted 00:15:09 (3518 turns).

Ymberti the Firebug (Deep Elf Fire Elementalist)    Turns: 3518, Time: 00:15:09

Health: -1/34      AC:  4    Str:  5    XL:     6   Next: 54%
Magic:  2/15       EV:  2    Int: 22    God:
Gold:   116        SH:  0    Dex: 15    Spells: 9/15 levels left

rFire    . . .     SeeInvis +   w - +0 quarterstaff
rCold    + . .     Gourm    .   (shield currently unavailable)
rNeg     . . .     Faith    .   a - +0 robe
rPois    .         Spirit   .   (no helmet)
rElec    .         Reflect  .   f - +0 cloak
rCorr    .         Harm     .   g - +0 pair of gloves
MR       .....                  (no boots)
Stlth    ++........             (no amulet)
Regen    0.2/turn               m - ring of protection from cold
MPRegen  0.2/turn               t - ring of see invisible

@: paralysed, lethally poisoned (-1 -> -3), very slightly contaminated
A: no striking features
a: no special abilities


You were on level 4 of the Dungeon.
You were not hungry.

You visited 1 branch of the dungeon, and saw 4 of its levels.

You collected 116 gold pieces.

Inventory:

Hand Weapons
 w - a +0 quarterstaff (weapon)
Armour
 a - a +0 robe (worn)
 f - a +0 cloak (worn)
 g - a +0 pair of gloves (worn)
Jewellery
 m - a ring of protection from cold (left hand)
 t - a ring of see invisible (right hand)
Wands
 s - a wand of paralysis (14/24)
Scrolls
 e - a scroll of teleportation
 n - a scroll of amnesia {unknown}
 q - 2 scrolls of recharging {unknown}
 r - a scroll of magic mapping {unknown}
Potions
 h - 2 potions of invisibility {unknown}
 l - a potion of flight {unknown}
 o - a potion of might {unknown}
 u - a potion of heal wounds
 v - a potion of haste
Books
 b - a book of Flames

   Spells                             Type                      Level
   a - Flame Tongue                   Conjuration/Fire             1
   b - Throw Flame                    Conjuration/Fire             2
   c - Conjure Flame                  Conjuration/Fire             3
   d - Inner Flame                    Hexes/Fire                   3
   e - Sticky Flame                   Conjuration/Fire             4
   f - Fireball                       Conjuration/Fire             5
 p - a book of Minor Magic

   Spells                             Type                      Level
   a - Magic Dart                     Conjuration                  1
   b - Blink                          Translocation                2
   c - Call Imp                       Summoning                    2
   d - Slow                           Hexes                        2
   e - Conjure Flame                  Conjuration/Fire             3
   f - Mephitic Cloud                 Conjuration/Poison/Air       3
Comestibles
 c - 2 bread rations
 d - 2 royal jellies
 i - 4 fruits
 k - 3 meat rations


   Skills:
 + Level 1.0 Fighting
   Level 0.4 Short Blades
 + Level 3.7 Dodging
 + Level 3.3 Stealth
 + Level 5.3 Spellcasting
 + Level 3.0 Conjurations
 + Level 5.3 Fire Magic


You had 9 spell levels left.
You knew the following spells:

 Your Spells              Type           Power        Failure   Level  Hunger
a - Flame Tongue          Conj/Fire      ###..        1%          1    None
b - Throw Flame           Conj/Fire      ###...       2%          2    None
c - Conjure Flame         Conj/Fire      ###.....     5%          3    ##.....


Dungeon Overview and Level Annotations

Branches:
Dungeon (4/15)
 Temple: D:4-7

Altars:
Okawaru

Annotations:
D:4 Grinder


Message History

Confirm with . or Enter, or press ? or * to list all spells.
Aiming: Flame Tongue
Press: ? - help, Shift-Dir - straight line, f/p - Grinder
Aim: Grinder (lightly wounded)
The flame tongue hits Grinder.
Grinder is moderately wounded.
Casting: Flame Tongue
Confirm with . or Enter, or press ? or * to list all spells.
Aiming: Flame Tongue
Press: ? - help, Shift-Dir - straight line, f/p - Grinder
Aim: Grinder (moderately wounded)
The flame tongue hits Grinder.
Grinder is heavily wounded.
Grinder gestures at you.
You suddenly lose the ability to move!
You feel sick. Grinder barely misses you. Grinder hits you!
* * * LOW HITPOINT WARNING * * *
You writhe in agony.
You die...

##### ######...####
#####....'...'...
.......>##...##..
#####.#.##....... ######
#.#.##....#.#
#....####'#.##....#.. #.
#.......)...##....### #.
#..5@......<##....... #.
#........(..#########
#.###....####'#...)).....
#........# #.##########.
### #......### #.#
#.....##. .....#......#
#.# #.###.##.
......).....# #.#
#.#.<.... .....$......#
#.###.#.#####
............#
#...#........


You could see Grinder.

Vanquished Creatures
  A centaur (D:4)
  A hound (D:4)
  An orc priest (D:4)
  Jessica (D:2)
  Natasha (thrice) (D:3)
  An orc wizard (D:4)
  4 adders
  An adder skeleton (D:3)
  4 worms (D:2)
  2 dart slugs (D:2)
  2 leopard geckos
  4 orcs (D:4)
  10 bats
  2 giant cockroaches
  4 goblins
  11 hobgoblins
  3 jackals (D:2)
  4 quokkas
  3 frilled lizards
  11 kobolds
  13 rats
86 creatures vanquished.

Notes
Turn   | Place    | Note
-------+----------+-------------------------------------------
     0 | D:1      | Ymberti the Deep Elf Fire Elementalist began the quest for the Orb.
     0 | D:1      | Reached XP level 1. HP: 10/10 MP: 6/6
   347 | D:1      | Reached XP level 2. HP: 15/15 MP: 6/8
   850 | D:2      | Reached XP level 3. HP: 16/19 MP: 0/10
  1375 | D:2      | Reached XP level 4. HP: 19/24 MP: 8/11
  1448 | D:2      | Noticed Jessica
  1452 | D:2      | Killed Jessica
  1553 | D:2      | Learned a level 2 spell: Throw Flame
  1557 | D:2      | Learned a level 3 spell: Conjure Flame
  2158 | D:3      | Noticed Natasha
  2168 | D:3      | Reached XP level 5. HP: 26/28 MP: 10/13
  2173 | D:3      | Killed Natasha
  2433 | D:3      | Found an iron altar of Okawaru.
  2625 | D:3      | Noticed Natasha
  2630 | D:3      | Killed Natasha
  3183 | D:3      | Noticed Natasha
  3190 | D:3      | Killed Natasha
  3388 | D:4      | Reached skill level 5 in Spellcasting
  3388 | D:4      | Reached skill level 5 in Fire Magic
  3388 | D:4      | Reached XP level 6. HP: 22/33 MP: 11/15
  3390 | D:4      | Reached skill level 1 in Fighting
  3501 | D:4      | Noticed Grinder
  3515 | D:4      | Paralysed by Grinder for 5 turns
  3518 | D:4      | HP: 1/34 [Grinder (8)]
  3518 | D:4      | Slain by Grinder

Skill      XL: |  1  2  3  4  5  6 |
---------------+-------------------+-----
Fire Magic     | 4 5 |  5.3
Dodging        | 3 |  3.7
Spellcasting   | 4 5 |  5.3
Conjurations   | 2 3 |  3.0
Stealth        | 3 |  3.3
Fighting       | 1 |  1.0
Short Blades   | |  0.4

Action                   |  1- 3 |  4- 6 || total
-------------------------+-------+-------++-------
Melee: Unarmed           |     2 |       ||     2
       Dagger            |    31 |    27 ||    58
 Cast: Flame Tongue      |    84 |    88 ||   172
       Throw Flame       |       |    16 ||    16
  Use: Potion            |     1 |       ||     1
       Scroll            |       |     5 ||     5
 Stab: Sleeping          |     1 |       ||     1
  Eat: Bread ration      |     1 |     1 ||     2
       Royal jelly       |       |     1 ||     1
Armor: Robe              |    16 |    15 ||    31
Dodge: Dodged            |    44 |    44 ||    88
